Map: Orbital Shipyard

Players

xKawaiian

  • Race: Terran Terran
  • League: Master

IIIIIIIIIII - Winner!

  • Race: Protoss Protoss
  • League: Grandmaster

VOD

Have the link to the VOD?

Description

Time

  • Played on: Jan. 14, 2016, 5:06 p.m.
  • Length: 10:51
Show
View Real Time Build Order
Export as new Build Order

xKawaiian Terran 

Build Orders: Liberator Opening, MMM Bio 

Get SALT Encoding   

  12  0:00  SCV  
  13  0:13  SCV  
  14  0:17  Supply Depot  
  14  0:25  SCV  
  15  0:39  SCV  
  15  0:40  Barracks  
  16  0:46  Refinery  
  16  0:51  SCV  
  17  1:03  SCV  
  18  1:15  SCV  
  19  1:27  Orbital Command  
  19  1:40  Command Center  
  19  1:44  Barracks Reactor  
  19  1:54  SCV, Supply Depot  
  20  2:08  Factory  
  20  2:09  SCV  
  21  2:20  Marine  
  21  2:21  SCV, Marine  
  24  2:30  Refinery  
  24  2:34  SCV  
  25  2:38  Marine x2  
  27  2:46  SCV  
  28  2:51  Starport  
  28  2:53  Orbital Command  
  28  2:54  Factory Tech Lab  
  28  2:58  SCV, Marine  
  30  2:59  Marine  
  31  3:10  SCV  
  32  3:18  Marine x2  
  34  3:20  SCV  
  34  3:22  Cyclone  
  34  3:24  SCV  
  39  3:32  SCV  
  39  3:33  Liberator  
  40  3:43  SCV  
  41  3:49  Command Center  
  41  3:51  SCV  
  45  3:56  Supply Depot  
  45  3:58  Marine  
  46  4:04  Supply Depot  
  46  4:12  Supply Depot  
  46  4:18  SCV x2, Marine  
  46  4:22  Refinery  
  46  4:23  Cyclone  
  52  4:24  Refinery  
  52  4:30  SCV x2  
  54  4:31  Marine  
  54  4:36  Starport Tech Lab  
  55  4:38  Barracks  
  55  4:41  Barracks  
  55  4:42  SCV, Marine  
  55  4:43  SCV  
  58  4:52  Supply Depot  
  58  4:54  SCV  
  58  4:56  SCV  
  60  5:01  Orbital Command  
  60  5:06  SCV, Factory Reactor  
  61  5:07  Starport Reactor  
  61  5:08  SCV, Supply Depot  
  61  5:14  Marine x2  
  62  5:18  SCV  
  62  5:20  SCV  
  66  5:27  Engineering Bay x2  
  66  5:28  SCV  
  66  5:31  SCV  
  63  5:37  Marine x2  
  63  5:38  Marauder  
  63  5:42  Marauder  
  62  5:55  Marine x2  
  59  5:59  Marauder  
  59  6:03  Marine  
  55  6:12  SCV, Marine  
  55  6:13  SCV  
  55  6:15  Medivac  
  55  6:16  Medivac  
  63  6:18  Orbital Command  
  63  6:24  Combat Shields  
  63  6:25  Marauder, Stimpack, Marine  
  66  6:27  SCV  
  66  6:30  SCV  
  67  6:33  Terran Infantry Weapons Level 1  
  67  6:34  Terran Infantry Armor Level 1  
  67  6:36  Marine, Widow Mine  
  67  6:39  SCV  
  71  6:42  SCV  
  71  6:45  SCV  
  73  6:47  Medivac  
  73  6:50  Widow Mine, Medivac  
  73  6:51  SCV  
  81  6:54  SCV  
  81  6:57  SCV  
  81  7:01  Marine  
  83  7:02  Supply Depot, Marine  
  83  7:03  Marauder  
  83  7:04  Marine  
  83  7:06  SCV  
  83  7:07  SCV  
  89  7:10  SCV  
  90  7:17  Barracks  
  90  7:18  Barracks  
  90  7:19  Marine  
  90  7:20  Marine  
  90  7:21  SCV x2  
  90  7:22  Marauder  
  96  7:24  SCV, Marauder  
  99  7:33  SCV x2  
  99  7:34  Armory  
  99  7:36  Marine  
  95  7:46  Marauder, Marine  
  95  7:49  Marauder  
  79  7:51  Medivac  
  79  7:52  Widow Mine  
  79  7:54  Marine  
  73  8:03  Widow Mine  
  73  8:04  Marine  
  73  8:08  SCV, Marauder  
  73  8:09  SCV, Marine x2  
  73  8:10  Marine  
  73  8:12  Marine  
  81  8:13  Medivac  
  81  8:20  Widow Mine  
  81  8:21  SCV, Marine, Medivac  
  81  8:25  SCV  
  85  8:27  Marine  
  85  8:29  Marine, Marauder  
  85  8:30  Marauder  
  85  8:32  Marine  
  82  8:34  Orbital Command  
  82  8:36  SCV  
  76  8:42  Marine  
  76  8:43  Medivac  
  76  8:47  Marine  
  70  8:48  SCV  
  70  8:50  SCV, Marauder  
  70  8:51  Medivac  
  67  8:57  Marine x2  
  67  9:02  SCV  
  68  9:10  SCV  
  68  9:13  Missile Turret  
  68  9:16  Barracks Reactor x2  
  69  9:18  SCV  
  69  9:20  Missile Turret  
  69  9:22  SCV  
  71  9:27  Marauder, Marine  
  71  9:29  Marine x2  
  71  9:30  SCV  
  73  9:44  Marine  
  73  9:46  Marine  
  73  9:47  SCV  
  73  9:50  Marine  
  73  9:51  Marauder  
  78  9:56  SCV  
  78  9:57  Viking  
  81  10:02  Viking  
  81  10:03  SCV  
  84  10:08  Marauder  
  84  10:09  SCV  
  84  10:10  SCV  
  88  10:15  SCV  
  88  10:17  Marauder, Marine  
  88  10:18  Marine x3  
  95  10:21  SCV  
  95  10:22  SCV  
  95  10:27  SCV  
  100  10:32  Marine x2  
Show
View Real Time Build Order
Export as new Build Order

IIIIIIIIIII Protoss - Winner!

Build Orders: 1 Gate Expand 

Get SALT Encoding   

  12  0:01  Probe (Chrono Boost)  
  13  0:11  Probe (Chrono Boost)  
  14  0:19  Pylon  
  14  0:23  Probe (Chrono Boost)  
  15  0:37  Probe (Chrono Boost)  
  15  0:39  Gateway  
  16  0:48  Probe (Chrono Boost)  
  16  0:49  Assimilator  
  17  0:58  Probe (Chrono Boost)  
  18  1:09  Probe (Chrono Boost)  
  19  1:17  Nexus  
  19  1:27  Cybernetics Core  
  19  1:30  Probe (Chrono Boost)  
  20  1:35  Assimilator  
  20  1:41  Probe (Chrono Boost)  
  20  1:45  Pylon  
  21  1:51  Probe (Chrono Boost)  
  22  2:03  Mothership Core (Chrono Boost)  
  22  2:06  Adept (Chrono Boost)  
  26  2:14  Warp Gate  
  26  2:17  Pylon  
  26  2:24  Probe (Chrono Boost)  
  26  2:29  Probe (Chrono Boost), Adept  
  30  2:35  Probe (Chrono Boost)  
  31  2:40  Probe (Chrono Boost)  
  32  2:45  Twilight Council  
  32  2:46  Probe (Chrono Boost)  
  32  2:50  Probe (Chrono Boost)  
  34  2:56  Probe (Chrono Boost), Adept  
  37  3:01  Probe (Chrono Boost)  
  38  3:07  Probe (Chrono Boost)  
  38  3:12  Probe (Chrono Boost)  
  40  3:13  Robotics Facility  
  40  3:17  Probe (Chrono Boost)  
  41  3:22  Probe (Chrono Boost)  
  42  3:28  Probe (Chrono Boost)  
  42  3:31  Pylon  
  42  3:33  Probe (Chrono Boost)  
  44  3:38  Probe (Chrono Boost)  
  45  3:43  Probe (Chrono Boost)  
  45  3:45  Pylon  
  45  3:47  Resonating Glaives (Chrono Boost)  
  46  3:50  Probe (Chrono Boost)  
  47  3:56  Gateway  
  47  3:59  Gateway  
  47  4:01  Gateway  
  48  4:06  Assimilator  
  48  4:08  Pylon  
  48  4:12  Pylon  
  48  4:16  Pylon  
  48  4:19  Pylon  
  48  4:20  Warp Prism (Chrono Boost)  
  49  4:24  Probe x2  
  51  4:32  Stargate  
  51  4:35  Assimilator  
  51  4:36  Probe  
  52  4:40  Probe  
  52  4:44  Adept  
  55  4:48  Probe  
  55  4:52  Observer (Chrono Boost)  
  57  4:56  Nexus  
  57  5:01  Probe x2  
  59  5:09  Observer (Chrono Boost)  
  59  5:13  Probe  
  61  5:15  Phoenix (Chrono Boost)  
  63  5:23  Immortal  
  63  5:26  Probe x2  
  66  5:37  Adept x2  
  66  5:38  Adept  
  66  5:41  Probe x2  
  66  5:42  Pylon  
  74  5:47  Phoenix (Chrono Boost)  
  66  5:53  Probe x2  
  58  5:58  Adept x2  
  58  5:59  Adept  
  58  6:02  Adept  
  66  6:07  Probe  
  66  6:08  Probe x2  
  66  6:09  Warp Prism  
  57  6:18  Probe  
  59  6:20  Probe x2  
  59  6:23  Forge  
  62  6:26  Sentry  
  62  6:27  Sentry  
  62  6:28  Probe  
  62  6:32  Probe  
  68  6:34  Phoenix (Chrono Boost)  
  68  6:38  Adept  
  72  6:41  Adept  
  72  6:43  Probe  
  72  6:44  Probe  
  76  6:54  Adept x2  
  80  6:55  Probe x2  
  80  6:57  Protoss Ground Armor Level 1  
  80  6:59  Probe  
  83  7:03  Phoenix  
  85  7:10  Adept  
  85  7:11  Adept  
  89  7:17  Probe x2  
  89  7:18  Probe  
  92  7:26  Adept  
  92  7:27  Adept  
  92  7:28  Phoenix  
  92  7:29  Probe  
  100  7:30  Probe x2  
  100  7:32  Adept x2  
  102  7:47  Adept x2  
  106  7:52  Probe x3  
  106  7:53  Immortal, Phoenix  
  106  7:57  Forge  
  113  7:59  Gateway  
  113  8:04  Probe  
  110  8:07  Probe x2  
  110  8:10  Assimilator  
  112  8:15  Assimilator  
  112  8:16  Probe  
  112  8:18  Templar Archives, Phoenix  
  115  8:20  Adept x4  
  115  8:36  Immortal, Protoss Ground Weapons Level 1 (Chrono Boost)  
  113  8:46  Adept  
  113  8:47  Adept x3  
  106  9:00  Probe x3  
  105  9:12  Gateway  
  105  9:14  Gateway  
  105  9:16  Adept x5  
  115  9:17  Gateway  
  115  9:18  Gateway  
  115  9:19  Immortal  
  119  9:27  Psionic Storm  
  119  9:35  Nexus  
  119  9:40  Adept, Pylon  
  119  9:41  Adept x2  
  119  9:42  Pylon  
  119  9:44  Pylon  
  125  9:47  Pylon  
  125  9:49  Pylon x2  
  125  9:52  Pylon  
  117  10:05  High Templar x3  
  117  10:06  Pylon  
  117  10:07  Immortal  
  127  10:08  Pylon  
  127  10:10  Pylon  
  127  10:11  Pylon  
  127  10:12  Pylon  
  127  10:17  Photon Cannon  
  127  10:20  Photon Cannon  
  127  10:26  Photon Cannon  
  127  10:35  Adept x3  
  133  10:36  Adept x2  
  133  10:37  Adept  
  133  10:39  High Templar x2  
  137  10:47  Adept x2  
Tags
 
Add a new tag
Caveats
  • Supply blocks, unpowered buildings, or Contaminate may cause inaccurate times.
  • Supply counts are checked every 10 seconds.